 Dungeon Crawl Stone Soup version 0.29-a0-676-ga64570c9d2 (webtiles) character file.

Game seed: 11626367270191085496

833 Newt the Cudgeller (level 7, 0/55 HPs)
             Began as a Demonspawn Abyssal Knight on June 23, 2022.
             Was an Elder of Lugonu.
             Slain by an orc warrior
             ... wielding a +0 hand axe
              (3 damage)
             ... on level 6 of the Dungeon on June 24, 2022.
             The game lasted 00:13:00 (5462 turns).

Newt the Cudgeller (Demonspawn Abyssal Knight)      Turns: 5462, Time: 00:13:00

Health: 0/55       AC: 17    Str: 15    XL:     7   Next: 65%
Magic:  8/8        EV:  6    Int: 11    God:    Lugonu [****..]
Gold:   305        SH:  4    Dex: 14    Spells: 6/6 levels left

rFire   . . .      SeeInvis +   u - +1 whip (vamp)
rCold   . . .      Faith    .   (no shield)
rNeg    . . .      Spirit   .   p - +1 plate armour of Diosesen {Will++ SInv}
rPois   .          Reflect  .   (no helmet)
rElec   .          Harm     .   j - +0 cloak
rCorr   .          Rampage  .   h - +2 pair of gloves
Will    ++...                   (no boots)
Stlth   ..........              C - amulet of regeneration
HPRegen 0.98/turn               l - ring of wizardry
MPRegen 0.11/turn               (no ring)

@: about to teleport, slowed, very slow
A: hooves 1, demonic guardian 1, sturdy frame 1, condensation shield
a: Renounce Religion, Depart the Abyss, Bend Space, Banish, Corrupt


You were on level 6 of the Dungeon.
You worshipped Lugonu.
Lugonu was greatly pleased with you.
You visited 1 branch of the dungeon, and saw 6 of its levels.
You visited the Abyss 1 time.
You also visited: Sewer.

You collected 305 gold pieces.

Inventory:

Hand Weapons
 a - a +1 mace
 u - a +1 vampiric whip (weapon)
 F - a +2 whip of distortion
Missiles
 y - 4 atropa-tipped darts
Armour
 b - a +0 leather armour
 f - a +0 scale mail
 h - a +2 pair of gloves (worn)
 j - a +0 cloak (worn)
 p - the +1 plate armour of Diosesen (worn) {Will++ SInv}
   (You found it on level 3 of the Dungeon)

   SInv:      It lets you see invisible.
   Will:      It greatly increases your willpower.
Jewellery
 i - a ring of fire
 l - a ring of wizardry (left hand)
 r - a ring of magical power
 v - an amulet of reflection
 B - a ring of wizardry
 C - an amulet of regeneration (around neck)
 E - a ring of fire
Wands
 w - a wand of polymorph (6)
Scrolls
 c - a scroll of identify
 d - a scroll of noise {unknown}
 e - a scroll of acquirement {unknown}
 k - 2 scrolls of blinking
 m - a scroll of immolation
 n - a scroll of fog
 o - a scroll of fear
 A - a scroll of poison {unknown}
 D - a scroll of vulnerability {unknown}
Potions
 g - 3 potions of curing
 q - a potion of haste
 s - 2 potions of attraction
 x - a potion of magic
 z - a potion of berserk rage


   Skills:
 + Level 4.8 Fighting
 + Level 5.3 Maces & Flails
 + Level 4.1 Armour
 - Level 1.3 Dodging
 + Level 0.4 Stealth
 * Level 2.3 Shields
 + Level 2.6 Invocations


You had 6 spell levels left.
You didn't know any spells.
Your spell library contained the following spells:

 Spells                   Type           Power      Damage    Failure   Level
 Freeze                   Ice            0%         1d3       98%         1
 Ensorcelled Hibernation  Hex/Ice        0%         N/A       99%         2
 Passwall                 Tmut/Erth      0%         N/A       99%         2
 Frozen Ramparts          Ice            0%         1d2       100%        3
 Ozocubu's Armour         Ice            0%         N/A       100%        3
 Swiftness                Air            0%         N/A       100%        3
 Hailstorm                Conj/Ice       0%         3d3       100%        4
 Ozocubu's Refrigeration  Ice            0%         4d5       100%        7


Dungeon Overview and Level Annotations

Branches:
Dungeon (6/15)              Sewer (visited)
 Temple: D:4-7

Altars:
Elyvilon
Kikubaaqudgha
Zin
The Shining One

Shops:
D:4 :


Innate Abilities, Weirdness & Mutations

You have large cloven feet.
A weak demonic guardian rushes to your aid.
Your movements are slightly less encumbered by armour. (ER -2)
A meltable shield of frost defends you. (SH +4)


Message History

The orc warrior is lightly wounded.
The orc warrior hits you with a +0 hand axe!
The orc warrior hits you but does no damage.
An orc priest comes into view. It is wielding a +0 trident.
You closely miss the orc warrior.
The orc warrior is lightly wounded.
The orc priest shouts!
The orc priest looks satisfied for a moment.
The orc warrior hits you but does no damage.
You hit the orc warrior but do no damage.
The orc warrior is lightly wounded.
The orc warrior hits you with a +0 hand axe.
You closely miss the orc warrior.
You kick the orc warrior, but do no damage.
The orc warrior is lightly wounded.
The orc warrior hits you with a +0 hand axe. x2
The orc priest barely misses you.
You closely miss the orc warrior.
The orc warrior is lightly wounded.
The orc warrior hits you with a +0 hand axe!
The orc priest hits you but does no damage.
You hit the orc warrior.
You feel better.
Your kick misses the orc warrior.
The orc warrior is moderately wounded.
The orc priest barely misses you. The orc warrior barely misses you.
You hit the orc warrior but do no damage.
The orc warrior is moderately wounded.
The orc warrior hits you with a +0 hand axe!
* * * LOW HITPOINT WARNING * * *
The orc priest hits you but does no damage.
As you read the scroll of teleportation, it crumbles to dust.
You feel strangely unstable.
The orc priest mumbles some strange prayers to Beogh against you.
Beogh smites you!
* * * LOW HITPOINT WARNING * * *
A demonic guardian appears!
The orc warrior hits you with a +0 hand axe.
* * * LOW HITPOINT WARNING * * *
The orc priest barely misses you.
The orc warrior hits you with a +0 hand axe.
You die...

###################.###
#........##...5@oo.....
.#.######.##.###########
.#.# #....# .#.# ######
.#.# .#.# .#.# .#.# ...#


You could see an orc warrior (ally target), an orc priest and a friendly quasit
(summoned).

Vanquished Creatures
  A wraith (D:6)
  A water moccasin (D:5)
  An ogre (D:5)
  A phantom (D:4)
  A bullfrog (Sewer)
  A howler monkey (D:4)
  A hound (D:5)
  An orc wizard (D:4)
  Ijyb (D:3)
  Natasha (D:3)
  8 adders
  A shadow imp (D:5)
  2 worms
  4 dart slugs
  5 orcs
  6 endoplasms
  14 giant cockroaches
  10 hobgoblins
  2 jackals (D:5)
  6 quokkas
  9 ball pythons
  10 bats
  6 frilled lizards
  3 goblins
  A goblin skeleton (D:5)
  A goblin zombie (D:5)
  2 hobgoblin zombies (D:5)
  4 kobolds
  2 kobold zombies (D:5)
  2 orc skeletons (D:5)
  An orc zombie (D:5)
  9 rats
118 creatures vanquished.

Vanquished Creatures (collateral kills)
  A jelly (D:5)
  An adder (Sewer)
2 creatures vanquished.

Grand Total: 120 creatures vanquished

Notes
Turn   | Place    | Note
-------+----------+-------------------------------------------
     0 | Abyss:1  | Newt the Demonspawn Abyssal Knight began the quest for the
                  | Orb.
     0 | Abyss:1  | Reached XP level 1. HP: 18/18 MP: 2/2
    26 | Abyss:1  | Found a corrupted altar of Lugonu.
    64 | Abyss:1  | Noticed a sixfirhy
    65 | D:1      | Escaped the Abyss
   611 | D:1      | Reached skill level 1 in Dodging
   613 | D:1      | Gained mutation: You have large cloven feet. [demonic
                  | ancestry]
   613 | D:1      | Reached XP level 2. HP: 13/24 MP: 3/3
   847 | D:1      | Reached ** piety under Lugonu
   958 | D:1      | Reached skill level 2 in Maces & Flails
  1255 | D:2      | Reached XP level 3. HP: 29/29 MP: 4/4
  1859 | D:2      | Found a faded altar of an unknown god.
  2125 | D:3      | Noticed Natasha
  2132 | D:3      | Killed Natasha
  2133 | D:3      | Gained mutation: A weak demonic guardian rushes to your
                  | aid. [demonic ancestry]
  2133 | D:3      | Reached XP level 4. HP: 24/37 MP: 5/5
  2241 | D:3      | Identified the +1 plate armour of Diosesen {Will++ SInv}
  3045 | D:3      | Noticed Ijyb
  3059 | D:3      | Killed Ijyb
  3060 | D:3      | Reached skill level 3 in Maces & Flails
  3372 | D:4      | Found a large runed translucent door.
  3372 | D:4      | Found a large runed translucent door.
  3512 | D:4      | Found Boacion's Book Shop.
  3618 | D:4      | Gained mutation: Your movements are slightly less
                  | encumbered by armour. (ER -2) [demonic ancestry]
  3618 | D:4      | Reached XP level 5. HP: 42/42 MP: 6/6
  3750 | D:4      | Reached *** piety under Lugonu
  3817 | D:4      | Noticed a phantom
  3830 | D:4      | Killed a phantom
  3831 | D:4      | Reached skill level 4 in Maces & Flails
  3831 | D:4      | Gained mutation: A meltable shield of frost defends you.
                  | (SH +4) [demonic ancestry]
  3831 | D:4      | Reached XP level 6. HP: 36/48 MP: 7/7
  4255 | D:5      | Entered Level 5 of the Dungeon
  4532 | D:5      | Reached skill level 1 in Shields
  4754 | D:5      | Noticed a water moccasin
  4772 | D:5      | Killed a water moccasin
  4773 | D:5      | Reached XP level 7. HP: 24/55 MP: 8/8
  4855 | D:5      | Found a glowing drain.
  4880 | Sewer    | Entered a sewer
  5088 | Sewer    | Reached **** piety under Lugonu
  5232 | D:5      | Reached skill level 5 in Maces & Flails
  5364 | D:6      | Found an ancient bone altar of Kikubaaqudgha.
  5381 | D:6      | Noticed a wraith
  5408 | D:6      | Upgraded the game from 0.29-a0-668-g12ee2bf84d to
                  | 0.29-a0-676-ga64570c9d2
  5415 | D:6      | Killed a wraith
  5462 | D:6      | Slain by an orc warrior

Illustrated notes

Levels and vault maps discovered:
D:1:      eino_arrival_druids_welcome, layout_loops_ring
D:2:      layout_loops_ring, basic_altar, nicolae_ecumenical_lake_church
D:3:      mumra_celtic_spiral_tile, layout_loops_ring,
          mainiacjoe_overflow_alcove_1, uniq_natasha, uniq_ijyb
D:4:      layout_basic, jmf_multi_god_temple2, serial_shops, shop
D:5:      layout_gridville, nicolae_tso_besieged_by_evil, portal_sewer_entry_e
D:6:      layout_basic, okawaru_gym_becter, minmay_overflow_temple_star_quad,
          roderic_batcave, minmay_misc_feat_hallway,
          minmay_fractal_squares_diagonal_5

Skill      XL: |  1  2  3  4  5  6  7 |
---------------+----------------------+-----
Dodging        | 1 |  1.3
Armour         | 2 3 4 |  4.1
Maces & Flails | 2 3 4 5 |  5.3
Fighting       | 4 |  4.8
Shields        | 1 2 |  2.3
Stealth        | |  0.4
Invocations    | |  2.6

Action                   |  1- 3 |  4- 6 |  7- 9 || total
-------------------------+-------+-------+-------++-------
Melee: Mace              |   124 |     7 |       ||   131
       Kick              |    24 |    55 |    39 ||   118
       Whip              |       |   199 |   187 ||   386
       Punch             |       |     2 |     2 ||     4
Invok: Depart the Abyss  |     1 |       |       ||     1
  Use: Scroll            |       |       |     9 ||     9
Armor: Scale mail        |    89 |       |       ||    89
       Plate armour      |       |   122 |    92 ||   214
Dodge: Dodged            |    84 |    46 |    69 ||   199
Block: Other             |       |    20 |    22 ||    42

Table legend: (Time is in decaauts)
 A = Elapsed time spent in this place.
 B = Non-inter-level travel time spent in this place.
 C = Inter-level travel time spent in this place.
 D = Time resting spent in this place.
 E = Time spent auto-exploring this place.
 F = Levels seen in this place.
 G = Mean time per level.
                   A        B        C        D        E       F      G
               +--------+--------+--------+--------+--------+-----+--------+
         Total |   5547 |   5457 |     90 |    111 |   4193 |   8 |  693.4 |
       Dungeon |   5170 |   5080 |     90 |    111 |   4024 |   6 |  861.7 |
         Abyss |     65 |     65 |      0 |      0 |     63 |   1 |   65.0 |
         Sewer |    311 |    311 |      0 |      0 |    105 |   1 |  311.0 |
               +--------+--------+--------+--------+--------+-----+--------+

Top non-repeatable levels by time:
     D:3: 1269 daAuts
     D:1: 1162 daAuts
     D:4: 986 daAuts
     D:2: 818 daAuts
     D:5: 810 daAuts
   Sewer: 311 daAuts
     D:6: 123 daAuts
 Abyss:1: 65 daAuts
